 Dungeon Crawl Stone Soup version 0.29.1-13-g9f3cf754e1 (webtiles) character file.

Game seed: 5867632645929163562

3130 mikeweasel the Grappler (level 9, -1/74 HPs)
             Began as a Ghoul Monk on Jan 25, 2023.
             Was a Priest of Kikubaaqudgha.
             Slain by a centaur warrior (3 damage)
             ... on level 8 of the Dungeon.
             The game lasted 01:14:31 (7699 turns).

mikeweasel the Grappler (Ghoul Monk)                Turns: 7699, Time: 01:14:31

Health: -1/74      AC: 10    Str: 17    XL:     9   Next: 92%
Magic:  0/14       EV: 13    Int:  7    God:    Kikubaaqudgha [***...]
Gold:   386        SH:  0    Dex: 11    Spells: 2/16 levels left

rFire   . . .      SeeInvis .     - Unarmed
rCold   + . .      Faith    +   (no shield)
rNeg    + + +      Spirit   .   m - +0 acid dragon scales
rPois   ∞          Reflect  .   r - +0 helmet
rElec   .          Harm     .   (no cloak)
rCorr   +          Rampage  .   (no gloves)
Will    .....                   h - +2 pair of boots
Stlth   ++........              p - amulet of faith
HPRegen 0.00/turn               (no ring)
MPRegen 0.14/turn               (no ring)

@: very slightly contaminated, inhibited regen
A: claws 1, cold resistance 1, negative energy resistance 3, inhibited
regeneration, torment resistance 2, devour on kill
a: Renounce Religion, Unearth Wretches


You were on level 8 of the Dungeon.
You worshipped Kikubaaqudgha.
Kikubaaqudgha was most pleased with you.
You visited 2 branches of the dungeon, and saw 9 of its levels.

You collected 445 gold pieces.
You spent 59 gold pieces at shops.

Inventory:

Armour
 a - a +1 robe
 h - a +2 pair of boots (worn)
 m - +0 acid dragon scales (worn)
 r - a +0 helmet (worn)
Jewellery
 c - an amulet of regeneration
 d - an amulet of the acrobat
 e - an amulet of reflection
 p - an amulet of faith (around neck)
Wands
 f - a wand of paralysis (33)
 o - a wand of acid (3)
 q - a wand of flame (21)
Scrolls
 k - a scroll of enchant weapon
Potions
 b - a potion of ambrosia
 g - a potion of brilliance
 i - a potion of curing
 n - a potion of cancellation
 s - a potion of resistance


   Skills:
 + Level 5.3 Fighting
 + Level 3.0 Throwing
 + Level 2.0 Armour
 + Level 5.3 Dodging
 + Level 4.1 Stealth
 + Level 8.9 Unarmed Combat
 + Level 4.2 Spellcasting
 + Level 1.4 Conjurations
 + Level 0.1 Summonings
 + Level 4.6 Necromancy
 + Level 0.1 Evocations


You had 2 spell levels left.
You knew the following spells:

 Your Spells              Type           Power      Damage    Failure   Level
a - Necrotise             Necr           28%        1d5       6%          1
b - Summon Small Mammal   Summ           4%         N/A       36%         1
c - Magic Dart            Conj           12%        1d3       22%         1
d - Freeze                Ice            4%         1d3       38%         1
e - Vampiric Draining     Necr           7%         2d6       19%         3
f - Stone Arrow           Conj/Erth      4%         3d7       65%         3
g - Animate Dead          Necr           7%         N/A       52%         4

Your spell library contained the following spells:

 Spells                   Type           Power      Damage    Failure   Level
 Apportation              Tloc           2%         N/A       38%         1
 Scorch                   Fire           2%         2d5       52%         2
 Dispel Undead            Necr           7%         3d8       52%         4
 Frozen Ramparts          Ice            2%         1d1       77%         3
 Anguish                  Hex/Necr       2%         N/A       83%         4
 Agony                    Necr           7%         N/A       86%         5
 Corpse Rot               Necr/Pois/Air  3%         N/A       91%         4
 Flame Wave               Conj/Fire      2%         2d4       96%         4
 Hailstorm                Conj/Ice       2%         3d3       96%         4
 Animate Armour           Summ/Erth      2%         N/A       98%         4
 Borgnjor's Vile Clutch   Necr/Erth      2%         N/A       99%         5
 Simulacrum               Ice/Necr       2%         N/A       100%        6
 Summon Cactus Giant      Summ           0%         N/A       100%        6
 Lehudib's Crystal Spear  Conj/Erth      1%         10d2      100%        8
 Beastly Appendage        Tmut           Unusable   N/A       N/A         1
 Wereblood                Tmut           Unusable   N/A       N/A         2
 Spider Form              Tmut/Pois      Unusable   N/A       N/A         3

Dungeon Overview and Level Annotations

Branches:
Dungeon (8/15)             Temple (1/1) D:7
   Lair: D:8-11

Altars:
Dithmenos
Fedhas
Gozag
Hepliaklqana
Kikubaaqudgha
Makhleb
Nemelex Xobeh
Okawaru
Qazlal
Ru
Sif Muna
Trog
Uskayaw
Vehumet
Wu Jian
Xom
Yredelemnul

Shops:
D:1 ([:   D:3 [(!:


Innate Abilities, Weirdness & Mutations

You are immune to poison.
You have sharp fingernails.
Your flesh is cold resistant. (rC+)
You are immune to negative energy. (rN+++)
You do not regenerate when monsters are visible.
You are immune to unholy pain and torment.
You thrive by killing the living.


Message History

The centaur warrior kicks you.
* * * LOW HITPOINT WARNING * * *
The centaur warrior completely misses you.
The centaur warrior closely misses you.
Casting: Vampiric Draining (dangerous; 19% risk of failure)
Confirm with . or Enter, or press ? or * to list all spells.
You don't have enough magic to cast this spell.
You scratch the centaur warrior.
The centaur warrior is moderately wounded.
The centaur warrior completely misses you.
The centaur warrior kicks you but does no damage.
Aiming: Paralyse
Press: ? - help, Shift-Dir - straight line, f/p - centaur warrior
Aim: a centaur warrior, wearing a +0 robe (moderately wounded, poisoned, chance to affect: 31%)
The centaur warrior easily resists.
The centaur warrior closely misses you.
The centaur warrior misses you. x2; The centaur warrior kicks you.
* * * LOW HITPOINT WARNING * * *
You feel better. The centaur warrior hits you.
* * * LOW HITPOINT WARNING * * *
The centaur warrior kicks you.
* * * LOW HITPOINT WARNING * * *
Casting: Vampiric Draining (dangerous; 19% risk of failure)
Confirm with . or Enter, or press ? or * to list all spells.
Aiming: Vampiric Draining (dangerous; 19% risk of failure)
Press: ? - help, Shift-Dir - straight line, f/p - centaur warrior
Aim: a centaur warrior, wearing a +0 robe (moderately wounded, poisoned)
You draw life force from the centaur warrior!
You feel life coursing into your body. The centaur warrior hits you!
* * * LOW HITPOINT WARNING * * *
The centaur warrior barely misses you.
The centaur warrior hits you but does no damage.
The centaur warrior closely misses you.
You scratch the centaur warrior.
The centaur warrior is heavily wounded.
The centaur warrior closely misses you. x2
You barely miss the centaur warrior.
The centaur warrior is heavily wounded.
The centaur warrior hits you.
You die...
Kikubaaqudgha rasps: "You have failed me!
Welcome... oblivion!"

.....#.....#...###.#
.### #.###.#....##.##
.#.....#........#
.(c....(...#.....###.#
.....................#
.########.##.....###.#
#.##.....#
#####c####.####
#...@.........##
#.###.###.###..+
........# #.## #
###.##..###.##.#
#............#
#####.###.#### #.# #.#
#.# #)# ..# #<#


You could see a centaur warrior (poisoned).

Vanquished Creatures
  Maggie (D:7)
  A hornet (D:8)
  Eustachio (D:6)
  A steam dragon (D:8)
  Menkaure (D:5)
  A water moccasin (D:8)
  An orc warrior (D:7)
  3 ice beasts
  A black bear (D:4)
  2 ogres
  2 centaurs
  A kobold brigand (D:6)
  Blork the orc (D:5)
  2 gnoll sergeants
  A necrophage (D:7)
  6 bullfrogs
  3 scorpions (D:6)
  A howler monkey (D:6)
  3 hounds
  2 gnoll boudas
  3 orc priests
  The ghost of Taurus the Caller, a weakling FeSu (D:4)
  2 orc wizards
  9 gnolls
  3 adders
  2 shadow imps
  An ufetubus (D:6)
  3 worms
  2 dart slugs
  18 orcs
  5 ball pythons
  2 bats
  6 endoplasms
  A giant cockroach (D:3)
  7 goblins
  10 hobgoblins
  8 jackals
  14 kobolds
  6 quokkas
  A frilled lizard (D:2)
  4 rats
143 creatures vanquished.

Vanquished Creatures (others)
  A wizard (D:6)
  An orc wizard (D:7)
  A gnoll (D:7)
  5 plants
8 creatures vanquished.

Grand Total: 151 creatures vanquished

Notes
Turn   | Place    | Note
-------+----------+-------------------------------------------
     0 | D:1      | mikeweasel the Ghoul Monk began the quest for the Orb.
     0 | D:1      | Reached XP level 1. HP: 19/19 MP: 0/0
    55 | D:1      | Reached XP level 2. HP: 19/26 MP: 1/1
   140 | D:1      | Found a faded altar of an unknown god.
   179 | D:1      | Found Dotoir's Book Shoppe.
   373 | D:1      | Reached XP level 3. HP: 32/33 MP: 2/2
   457 | D:1      | Found Duluni's Antique Armour Boutique.
   530 | D:1      | Found Jotov's Weapon Shoppe.
   538 | D:1      | Bought 2 poisoned darts for 9 gold pieces
   735 | D:2      | Reached skill level 4 in Unarmed Combat
  1003 | D:2      | Reached XP level 4. HP: 36/40 MP: 3/3
  1555 | D:3      | Found Nosoiq's Weapon Shoppe.
  1581 | D:3      | Found Voyrch's Book Emporium.
  1614 | D:3      | Learned a level 3 spell: Stone Arrow
  1624 | D:3      | Found a blossoming altar of Fedhas.
  1823 | D:3      | Found Plog's Distillery.
  1836 | D:3      | Bought a potion of heal wounds for 50 gold pieces
  1943 | D:3      | Found a transporter.
  1961 | D:3      | Found a transporter.
  2222 | D:3      | Found Myurr's Armour Shop.
  2375 | D:4      | Noticed Taurus's ghost (weakling FeSu)
  2375 | D:4      | Found a runed translucent door.
  2638 | D:4      | Killed Taurus's ghost
  2639 | D:4      | Reached XP level 5. HP: 43/46 MP: 4/4
  2674 | D:4      | Noticed a black bear
  2687 | D:4      | Killed a black bear
  2688 | D:4      | Reached skill level 1 in Throwing
  2688 | D:4      | Reached skill level 5 in Unarmed Combat
  2688 | D:4      | Reached XP level 6. HP: 42/52 MP: 5/5
  2959 | D:5      | Entered Level 5 of the Dungeon
  3022 | D:5      | Learned a level 1 spell: Summon Small Mammal
  3055 | D:5      | Reached skill level 6 in Unarmed Combat
  3137 | D:5      | Noticed an ice beast
  3153 | D:5      | Killed an ice beast
  3154 | D:5      | Reached XP level 7. HP: 53/59 MP: 6/6
  3268 | D:5      | Found a radiant altar of Vehumet.
  3277 | D:5      | Noticed Menkaure
  3283 | D:5      | Killed Menkaure
  3285 | D:5      | Got Vehumet's Commentary on Arcane Weapons
  3288 | D:5      | Found an ancient bone altar of Kikubaaqudgha.
  3290 | D:5      | Found a shimmering blue altar of Sif Muna.
  3297 | D:5      | Became a worshipper of Kikubaaqudgha
  3297 | D:5      | Reached * piety under Kikubaaqudgha
  3297 | D:5      | Received a gift from Kikubaaqudgha
  3297 | D:5      | Reached ** piety under Kikubaaqudgha
  3300 | D:5      | Learned a level 1 spell: Necrotise
  3302 | D:5      | Learned a level 1 spell: Magic Dart
  3320 | D:5      | Noticed Blork the orc
  3333 | D:5      | Killed Blork the orc
  3349 | D:5      | You fall into a shaft and drop 1 floor!
  3398 | D:6      | Reached skill level 7 in Unarmed Combat
  3807 | D:6      | Reached XP level 8. HP: 65/67 MP: 5/8
  3815 | D:6      | Reached skill level 1 in Spellcasting
  3892 | D:6      | Noticed Eustachio
  3911 | D:6      | Killed Eustachio
  3918 | D:6      | Reached skill level 1 in Necromancy
  4248 | D:6      | Found a bloodstained altar of Trog.
  4251 | D:6      | Noticed a wizard
  4257 | D:6      | Killed a wizard
  4309 | D:6      | Found a burning altar of Makhleb.
  4309 | D:6      | Noticed a green death
  4312 | D:6      | Noticed a hellwing
  4312 | D:6      | Noticed a hellwing
  4375 | D:6      | Reached skill level 5 in Dodging
  4375 | D:6      | Reached skill level 8 in Unarmed Combat
  4391 | D:6      | Reached *** piety under Kikubaaqudgha
  4391 | D:6      | Received a gift from Kikubaaqudgha
  4399 | D:6      | Learned a level 3 spell: Vampiric Draining
  4580 | D:6      | Found an ornate altar of the Wu Jian Council.
  4698 | D:6      | Found a sparkling altar of Nemelex Xobeh.
  5099 | D:7      | Reached XP level 9. HP: 43/73 MP: 1/11
  5367 | D:7      | Reached skill level 5 in Fighting
  5372 | D:7      | Learned a level 4 spell: Animate Dead
  5374 | D:7      | Learned a level 1 spell: Freeze
  5406 | D:7      | Found a staircase to the Ecumenical Temple.
  5687 | Temple   | Entered the Ecumenical Temple
  6199 | D:7      | Noticed Maggie
  6213 | D:7      | Killed Maggie
  6587 | D:7      | Reached skill level 1 in Armour
  6601 | D:7      | Reached skill level 1 in Conjurations
  7352 | D:8      | Noticed a hornet
  7366 | D:8      | Noticed a centaur warrior
  7420 | D:8      | Killed a hornet
  7697 | D:8      | HP: 2/74 [centaur warrior (12)]
  7699 | D:8      | Slain by a centaur warrior

Illustrated notes

Levels and vault maps discovered:
D:1:      heliophobic_arrival_battle_scene, layout_rooms,
          ebering_ecumenical_altar_box, serial_shops, shop,
          nicolae_shop_hallway_stairs, nicolae_shop_window_shopping,
          serial_bayou_lagoon_b
D:2:      layout_basic
D:3:      gammafunk_wand_slinger, layout_basic, fedhas_altar_1, serial_shops,
          nicolae_shop_stone, nicolae_shop_bloodbath_and_beyond,
          nicolae_lakefront_shop, nicolae_diamond_shop, minmay_misc_feat_doors
D:4:      layout_cave_pools, gammafunk_ghost_grave
D:5:      layout_loops_ring, grunt_temple_overflow_magic_moments, uniq_menkaure,
          uniq_blork_the_orc
D:6:      layout_cave_pools, lemuel_round_altar,
          mainiacjoe_overflow_concentric_impassable, trog_wizard,
          makhleb_altar_promises_db, uniq_eustachio
D:7:      minmay_angry_zag, layout_loops_corners, minmay_temple_entry_junction,
          uniq_maggie
D:8:      hangedman_cross_stitches, layout_loops_ring, kennysheep_mini,
          zin_angel
Temple:   jpeg_temple_alley_garden

Skill      XL: |  1  2  3  4  5  6  7  8  9 |
---------------+----------------------------+-----
Dodging        | 3 4 5 |  5.3
Unarmed Combat | 4 5 6 7 8 |  8.9
Fighting       | 4 5 |  5.3
Throwing       | 1 2 3 |  3.0
Stealth        | 3 4 |  4.1
Spellcasting   | 2 4 |  4.2
Necromancy     | 3 4 |  4.6
Armour         | 2 |  2.0
Conjurations   | 1 |  1.4
Summonings     | |  0.1
Evocations     | |  0.1

Action                   |  1- 3 |  4- 6 |  7- 9 || total
-------------------------+-------+-------+-------++-------
Melee: Unarmed           |    89 |   152 |   270 ||   511
       Punch             |     1 |     6 |    14 ||    21
Throw: Dart              |       |    23 |    25 ||    48
       Throwing net      |       |       |     2 ||     2
 Cast: Necrotise         |       |       |    40 ||    40
       Magic Dart        |       |       |    13 ||    13
       Summon Small Mamm |       |       |     1 ||     1
       Vampiric Draining |       |       |    19 ||    19
       Stone Arrow       |       |       |     2 ||     2
       Animate Dead      |       |       |     1 ||     1
Invok: Unearth Wretches  |       |       |     1 ||     1
Evoke: Wand              |       |     1 |     3 ||     4
  Use: Potion            |     4 |     2 |     7 ||    13
       Scroll            |     5 |    11 |     8 ||    24
 Stab: Distracted        |     1 |       |       ||     1
       Sleeping          |       |     2 |     2 ||     4
Armor: Robe              |    23 |    22 |    29 ||    74
       Acid dragon scale |       |       |    45 ||    45
Dodge: Dodged            |    41 |    92 |   202 ||   335
